 BcadrenCrawl: Boulder Brew version 0.04.2-19-ga012a504bd (webtiles) character file.

Game seed: 9236732960673819839, levelgen mode: deterministic

74 diana the Bolt Thrower (level 4, -1/28 HPs) Kobold Hunter. Began on May 18, 2021. Slain by a big kobold ... wielding a +0 short sword (7 damage) ... on level 2 of the Dungeon. The game lasted 00:01:05 (797 turns).

diana the Bolt Thrower (Kobold Hunter)               Turns: 797, Time: 00:01:06

Health: -1/28      AC:  4    Str:  9    XL:     4 ^: 33
Magic:  4/4        EV: 16    Int: 12    God:
Gold:   88         SH:  0    Dex: 16    Spells: 3/3 levels left

rFire    . . .     Vision   .   a - +1 hand crossbow
rCold    . . .     Gourm    .   b - +0 short sword
rNeg     . . .     Faith    .   c - +0 leather armour
rPois    .         Spirit   .   (no helmet)
rElec    .         Reflect  .   e - +0 cloak
rCorr    .         Harm     .   (no gloves)
MR       .....                  (no boots)
Stlth    +.........             (no amulet)
HPRegen  0.19/turn              (no ring)
MPRegen  0.14/turn              (no ring)

@: very slow
A: small, carnivore
a: no special abilities


You were on level 2 of the Dungeon.
You were not hungry.

You visited 1 branch of the dungeon, and saw 2 of its levels.

You collected 88 gold pieces.

Inventory:

Weapons
 a - a +1 hand crossbow (weapon)
 b - a +0 short sword (weapon)
Armour
 c - a +0 leather armour (worn)
 e - a +0 cloak (worn)
Jewellery
 g - an uncursed ring of wizardry
 i - a cursed ring of resist corrosion {(Curse: rF-)}
Scrolls
 f - a scroll of amnesia
 h - a scroll of blinking
 j - a scroll of teleportation
Potions
 k - a potion of curing
Comestibles
 d - 4 rations


   Skills:
 + Level 3.0 Fighting
 + Level 1.8 Short Blades
 + Level 5.0 Crossbows
 + Level 1.2 Armour
 + Level 3.3 Dodging
 - Level 1.3 Stealth


You had 3 spell levels left.
You didn't know any spells.
Your spell library was empty.

Dungeon Overview and Level Annotations

Branches:
Dungeon (2/8)

Altars:


Innate Abilities, Weirdness & Mutations

You are small and have problems with some larger weapons.
You are carnivorous and can eat meat at any time.


Message History

You hit the big kobold but do no damage.
The big kobold is severely wounded. (10/28) HP The big kobold splashes around in the water.
You hit the big kobold (1).
The big kobold is severely wounded. (9/28) HP The big kobold hits you with a +0 short sword (1).
The big kobold hits you with a +0 short sword (9)!
* * * LOW HITPOINT WARNING * * *
You hit the big kobold but do no damage.
The big kobold is severely wounded. (9/28) HP The big kobold hits you but does no damage.
A kobold comes into view.
The kobold shouts!
You hit the big kobold (4).
The big kobold is almost dead. (5/28) HP The big kobold splashes around in the water.
You hit the big kobold but do no damage.
The big kobold is almost dead. (5/28) HP The big kobold hits you with a +0 short sword (7)!
You die...

#....≈...#≈....#
#..<.#≈.≈≈.....#
#≈##.###≈##≈...≈#
# ### ###...#≈≈#
≈# #≈###≈####
≈#≈≈ #≈#
#.≈####≈##
####≈##..##.#
#≈KK@†≈#...P#
#.##≈####≈.## ###
####


You could see a big kobold and a kobold.

Vanquished Creatures
  3 cinder newts (D:1)
  2 dart slugs (D:1)
  3 leopard geckos (D:1)
  3 orcs (D:1)
  9 bats (D:1)
  7 hobgoblins (D:1)
  5 kobolds
  6 goblins (D:1)
  A goblin skeleton (D:2)
  2 rats (D:1)
41 creatures vanquished.

Vanquished Creatures (others)
  A kobold (D:1)
  11 withered plants (D:2)
12 creatures vanquished.

Grand Total: 53 creatures vanquished

Notes
Turn   | Place    | Note
-------+----------+-------------------------------------------
     0 | D:1      | diana the Kobold Hunter began the quest for the Orb.
     0 | D:1      | Reached XP level 1. HP: 12/12 MP: 1/1
    28 | D:1      | Reached XP level 2. HP: 18/18 MP: 2/2
    48 | D:1      | Reached skill level 1 in Short Blades
    94 | D:1      | Reached XP level 3. HP: 22/22 MP: 3/3
   133 | D:1      | Reached skill level 1 in Armour
   419 | D:1      | Reached XP level 4. HP: 27/27 MP: 4/4
   473 | D:1      | Reached skill level 5 in Crossbows
   780 | D:2      | Noticed a big kobold
   797 | D:2      | Slain by a big kobold

Levels and vault maps discovered:
D:1:      mushboom_english_gardens, layout_basic, first_ration,
          guppyfry_early_orc_mine
D:2:      layout_sewer, grunt_temple_overflow_open, basic_altar, uniq_eustachio,
          uniq_edmund, uniq_purgy, uniq_crazy_yiuf_cottage

Skill      XL: |  1  2  3  4 |
---------------+-------------+-----
Short Blades   | 1 |  1.8
Dodging        | 3 |  3.3
Armour         | 1 |  1.2
Fighting       | 3 |  3.0
Crossbows      | 5 |  5.0
Stealth        | |  1.3

Action                   |  1- 3 |  4- 6 || total
-------------------------+-------+-------++-------
Melee: Short sword       |    10 |    16 ||    26
 Fire: Hand crossbow     |    42 |    18 ||    60
Armor: Leather armour    |       |     1 ||     1
Dodge: Dodged            |     9 |     6 ||    15
